 Dungeon Crawl Stone Soup version 0.28-a0-1415-g7c84da0 (webtiles) character file.

Game seed: 4734708624011142144

2513 Dorkslayer the Slasher (level 9, -5/75 HPs)
             Began as a Hill Orc Fighter on Jan 7, 2022.
             Was an Initiate of Gozag.
             Killed from afar by a manticore (17 damage)
             ... with a volley of spikes
             ... on level 7 of the Dungeon.
             The game lasted 00:18:48 (7669 turns).

Dorkslayer the Slasher (Hill Orc Fighter)           Turns: 7669, Time: 00:18:49

Health: -5/75      AC: 15    Str: 21    XL:     9   Next: 53%
Magic:  9/9        EV: 10    Int:  8    God:    Gozag
Gold:   85         SH:  0    Dex: 12    Spells: 8/8 levels left

rFire   . . .      SeeInvis +   g - +4 scimitar
rCold   . . .      Faith    .   c - +0 buckler
rNeg    + . .      Spirit   .   b - +0 scale mail
rPois   .          Reflect  +   d - +2 hat {Stlth+}
rElec   .          Harm     .   y - +1 cloak
rCorr   .          Rampage  .   (no gloves)
Will    .....                   s - +2 pair of boots {Stlth+}
Stlth   +.........              t - amulet of reflection
HPRegen 0.22/turn               n - ring of positive energy
MPRegen 0.11/turn               z - ring of see invisible

@: confused, ambrosia-drunk, spiked, hasted, very quick
A: no striking features
a: Renounce Religion, Potion Petition, Call Merchant, Bribe Branch


You were on level 7 of the Dungeon.
You worshipped Gozag.
Gozag was noncommittal.
You visited 2 branches of the dungeon, and saw 8 of its levels.

You collected 582 gold pieces.
You spent 418 gold pieces at shops.
You paid 79 gold pieces to Gozag.

Inventory:

Hand Weapons
 g - a +4 scimitar (weapon)
 m - a +0 scimitar
Missiles
 f - 2 curare-tipped darts
 h - 15 boomerangs (quivered)
 j - a throwing net
 k - 23 poisoned darts
Armour
 b - a +0 scale mail (worn)
 c - a +0 buckler (worn)
 d - a +2 hat of stealth (worn)
 s - a +2 pair of boots of stealth (worn)
 y - a +1 cloak (worn)
Jewellery
 n - a ring of positive energy (left hand)
 t - an amulet of reflection (around neck)
 z - a ring of see invisible (right hand)
Scrolls
 i - a scroll of fear
 q - 2 scrolls of immolation
 r - 2 scrolls of teleportation
Potions
 a - a potion of haste
 e - a potion of brilliance
 l - a potion of lignification
 o - a potion of flight {unknown}
 u - a potion of mutation {unknown}
 v - 2 potions of magic {unknown}
 x - a potion of ambrosia


   Skills:
 + Level 6.2 Fighting
 + Level 7.7 Long Blades
 * Level 5.1 Throwing
 + Level 6.9 Armour
 + Level 2.2 Dodging
 + Level 0.4 Stealth
 + Level 5.8 Shields


You had 8 spell levels left.
You didn't know any spells.
Your spell library contained the following spells:

 Spells                   Type           Power      Damage    Failure   Level
 Passwall                 Tmut/Erth      0%         N/A       91%         2
 Lesser Beckoning         Tloc           0%         N/A       99%         3
 Swiftness                Air            0%         N/A       99%         3
 Teleport Other           Tloc           0%         N/A       99%         3
 Summon Forest            Summ/Tloc      0%         N/A       100%        5
 Summon Mana Viper        Hex/Summ       0%         N/A       100%        5
 Summon Cactus Giant      Summ           0%         N/A       100%        6
 Malign Gateway           Summ/Tloc      0%         N/A       100%        7


Dungeon Overview and Level Annotations

Branches:
Dungeon (7/15)             Temple (1/1) D:4

Altars:
Dithmenos
Elyvilon
Fedhas
Gozag
Okawaru
Uskayaw
Wu Jian

Shops:
D:3 (   D:4 (:*[

Portals:
Abyss: D:5


Message History

The manticore is moderately wounded.
You feel sick. You block the manticore's attack. The manticore claws you.
The manticore closely misses you.
You barely miss the manticore.
The manticore is moderately wounded.
You feel sick. You block the manticore's attack. The manticore claws you!
The manticore barely misses you.
You slash the manticore!
The manticore is heavily wounded.
You feel sick. The manticore bites you. The manticore closely misses you.
The manticore claws you.
You barely miss the manticore.
The manticore is heavily wounded.
You feel sick. You block the manticore's attack.
The manticore claws you but does no damage.
The manticore claws you.
* * * LOW HITPOINT WARNING * * *
You slice the manticore!!
The manticore is almost dead.
You feel sick. You block the manticore's attack. x2
The manticore closely misses you.
You hit the manticore but do no damage.
The manticore is almost dead.
You feel sick. The manticore bites you!
* * * LOW HITPOINT WARNING * * *
You block the manticore's attack. The manticore claws you.
* * * LOW HITPOINT WARNING * * *
You are confused.
You feel invigorated.
You feel sick.
You are no longer poisoned.
The manticore barely misses you. x2; The manticore closely misses you.
You feel yourself speed up. The manticore bites you.
* * * LOW HITPOINT WARNING * * *
The manticore claws you but does no damage.
The manticore completely misses you.
The manticore flicks its tail.
The volley of spikes hits you!
The barbed spikes become lodged in your body.
You die...
Your body crumbles into a pile of gold.

########## #........#
#........# #........#
#.>......####################
#.........H.@................
#..)......###.###############
#.............#
#........####.####### #######
########## #........ .......
#.####### ####### ..# ..##
..#


You could see a manticore.

Vanquished Creatures
  4 yaks (D:6)
  A water moccasin (D:7)
  3 ogres
  3 necrophages
  A centaur (D:6)
  A bullfrog (D:6)
  2 gnoll sergeants
  A scorpion (D:5)
  A water moccasin skeleton (D:5)
  The ghost of zexius the Chopper, a weakling MiBe of Trog (D:5)
  5 wights (D:6)
  2 crimson imps (D:5)
  4 hounds
  A bullfrog zombie (D:5)
  A centaur zombie (D:5)
  2 bullfrog skeletons
  2 orc priests (D:6)
  A jelly (D:6)
  An orc wizard (D:4)
  2 iguanas (D:5)
  A small abomination (D:5)
  9 gnolls
  2 howler monkey skeletons
  An adder (D:6)
  An adder zombie (D:5)
  3 dart slugs
  18 orcs
  5 ball pythons
  9 endoplasms
  3 giant cockroaches
  5 hobgoblins
  8 jackals
  3 quokkas
  8 bats
  4 frilled lizards
  10 goblins
  3 kobolds
  5 rats
137 creatures vanquished.

Notes
Turn   | Place    | Note
-------+----------+-------------------------------------------
     0 | D:1      | Dorkslayer the Hill Orc Fighter began the quest for the
                  | Orb.
     0 | D:1      | Reached XP level 1. HP: 19/19 MP: 1/1
    28 | D:1      | Reached XP level 2. HP: 14/27 MP: 2/2
   856 | D:1      | Reached XP level 3. HP: 29/33 MP: 3/3
  1704 | D:2      | Found a faded altar of an unknown god.
  2610 | D:3      | Found Ofaferch's Weapon Boutique.
  2670 | D:3      | Reached XP level 4. HP: 40/40 MP: 4/4
  2821 | D:3      | Reached skill level 1 in Throwing
  2921 | D:3      | Noticed a gnoll sergeant
  2930 | D:3      | Reached skill level 3 in Long Blades
  2942 | D:3      | Killed a gnoll sergeant
  2943 | D:3      | Reached skill level 1 in Dodging
  2943 | D:3      | Reached XP level 5. HP: 17/46 MP: 5/5
  3185 | D:3      | Found an iron altar of Okawaru.
  3663 | D:4      | Found Omiqics's Book Shop.
  3887 | D:4      | Reached XP level 6. HP: 50/52 MP: 6/6
  4026 | D:4      | Noticed a necrophage
  4036 | D:4      | Killed a necrophage
  4037 | D:4      | Reached skill level 4 in Long Blades
  4073 | D:4      | Found Epnixe's Assorted Antiques.
  4100 | D:4      | Found Ixio's Antique Armour Boutique.
  4105 | D:4      | Bought a pair of runed boots for 142 gold pieces
  4188 | D:4      | Found a staircase to the Ecumenical Temple.
  4201 | Temple   | Entered the Ecumenical Temple
  4518 | D:4      | Found Ughur's Weapon Boutique.
  4784 | D:5      | Entered Level 5 of the Dungeon
  4812 | D:5      | Reached skill level 5 in Armour
  4882 | D:5      | Reached XP level 7. HP: 23/60 MP: 7/7
  5095 | D:5      | Found a transporter.
  5261 | D:5      | Reached skill level 5 in Long Blades
  5349 | D:5      | Reached skill level 5 in Fighting
  5371 | D:5      | Reached XP level 8. HP: 57/68 MP: 8/8
  5500 | Temple   | Became a worshipper of Gozag Ym Sagoz the Greedy
  5704 | D:5      | Found a one-way gate to the infinite horrors of the Abyss.
  5704 | D:5      | Noticed zexius's ghost (weakling MiBe)
  5764 | D:5      | Found a transporter.
  5964 | D:5      | Got Lugonu's Tome of Dislocation
  5994 | D:5      | Killed zexius's ghost
  6297 | D:6      | Reached skill level 6 in Long Blades
  6356 | D:6      | Reached skill level 5 in Shields
  6382 | D:6      | Noticed a yak
  6382 | D:6      | Noticed a yak
  6385 | D:6      | Noticed a yak
  6385 | D:6      | Noticed a yak
  6413 | D:6      | Killed a yak
  6415 | D:6      | Killed a yak
  6420 | D:6      | Killed a yak
  6421 | D:6      | Reached XP level 9. HP: 49/75 MP: 9/9
  6572 | D:6      | Reached skill level 7 in Long Blades
  6926 | D:6      | Reached skill level 5 in Throwing
  7420 | D:4      | Bought a runed cloak for 142 gold pieces
  7439 | D:4      | Bought an encrusted garnet ring for 85 gold pieces
  7439 | D:4      | Bought a scroll of identify for 34 gold pieces
  7439 | D:4      | Bought a bubbling blue potion for 15 gold pieces
  7640 | D:7      | Noticed a manticore
  7669 | D:7      | Killed from afar by a manticore

Illustrated notes

Levels and vault maps discovered:
D:1:      dpeg_arrival_leaves_temple_mockup, layout_basic,
          hangedman_decor_growths, hex_large
D:2:      layout_basic, shapermc_ecumenical_altar_flowoftime,
          minmay_small_reverse_x
D:3:      layout_basic, old_standard_altar, serial_shops, shop,
          serial_co_window_serial, co_window_paths_b, co_window_corner_a,
          co_window_paths_a, co_window_of_opportunity_a, co_window_paths_b,
          co_window_paths_a, co_window_paths_a, co_window_cross_3,
          co_window_corner_ca, co_window_of_opportunity_b, co_window_broadway_b,
          co_window_broadway_a, co_window_corner_cb, co_window_4corner_b,
          glass_columns_a, glass_columns_a, glass_columns_a, glass_columns_b
D:4:      layout_gridville, minmay_temple_entry_glassed_door, serial_shops,
          nicolae_shop_hallway_plus, shop, shop, shop, minmay_misc_feat_hallway
D:5:      layout_loops_ring, gammafunk_ghost_abyssal_escape
D:6:      layout_loops_ring
D:7:      nzn_winding_woodlands_three_and_one
          [nzn_winding_woodlands_5x15_lazy_stream,
          nzn_winding_woodlands_5x15_default, nzn_winding_woodlands_5x15_jagged,
          nzn_winding_woodlands_center_garden], layout_rooms, chequers_arboretum
Temple:   nicolae_temple_the_god_donut

Skill      XL: |  1  2  3  4  5  6  7  8  9 |
---------------+----------------------------+-----
Armour         | 4 5 6 |  6.9
Fighting       | 4 5 6 |  6.2
Throwing       | 1 2 3 4 5 |  5.1
Long Blades    | 3 4 5 6 7 |  7.7
Dodging        | 1 2 |  2.2
Shields        | 4 5 |  5.8
Stealth        | |  0.4

Action                   |  1- 3 |  4- 6 |  7- 9 || total
-------------------------+-------+-------+-------++-------
Melee: Long sword        |   143 |    16 |       ||   159
       Scimitar          |       |   122 |   219 ||   341
Throw: Boomerang         |       |     9 |    21 ||    30
       Dart              |       |     1 |     3 ||     4
  Use: Scroll            |       |     3 |     9 ||    12
       Potion            |       |     2 |     6 ||     8
 Stab: Sleeping          |       |       |     1 ||     1
Armor: Scale mail        |   107 |    75 |    61 ||   243
Dodge: Dodged            |    84 |    70 |    77 ||   231
Block: Buckler           |    28 |    35 |   109 ||   172
       Reflection        |       |       |     1 ||     1

Table legend: (Time is in decaauts)
 A = Elapsed time spent in this place.
 B = Non-inter-level travel time spent in this place.
 C = Inter-level travel time spent in this place.
 D = Time resting spent in this place.
 E = Time spent auto-exploring this place.
 F = Levels seen in this place.
 G = Mean time per level.
                   A        B        C        D        E       F      G
               +--------+--------+--------+--------+--------+-----+--------+
         Total |   7787 |   7611 |    176 |    682 |   3540 |   8 |  973.4 |
       Dungeon |   7745 |   7569 |    176 |    682 |   3539 |   7 | 1106.4 |
        Temple |     42 |     42 |      0 |      0 |      1 |   1 |   42.0 |
               +--------+--------+--------+--------+--------+-----+--------+

Top non-repeatable levels by time:
     D:5: 1412 daAuts
     D:4: 1397 daAuts
     D:2: 1275 daAuts
     D:3: 1227 daAuts
     D:1: 1214 daAuts
     D:6: 1049 daAuts
     D:7: 166 daAuts
  Temple: 42 daAuts
